AoeStats
← Cruizinblind

Baltic

510613951Analyzed
4v4 RM · 2d ago on Oct 1, 2026· 70m 0s· 8 players
Game mode
Random Map
Map size
Large (8 player)
Population
200
Speed
Normal
Resources
Standard
Victory
Conquest
Starting age
Dark Age
Ending age
Imperial Age
RankedLock teamsTeams togetherTeam positionsShared explorationLock speedFull tech treeHidden civsTurbo modeCheats
Victory
Defeat
🇺🇸 Turks · United States
940
+15
🇦🇷 Spanish · Argentina
900
+16
🇫🇷 Malay · France
880
+17
🇭🇺 Khmer · Hungary
878
+17
🇹🇷 Vietnamese · Türkiye
927
-17
🇹🇷 Jurchens · Türkiye
927
-17
🇱🇺 Koreans · Luxembourg
904
-16
🇬🇧 Mongols · United Kingdom
880
-15
Voobly
13:02 Feudal Age
13:31 Double-Bit Axe
15:08 Gold Mining
17:07 Loom
20:57 Fletching
21:18 Forging
26:36 Castle Age
28:13 Gold Shaft Mining
27:14 Elite Skirmisher
30:49 Iron Casting
30:10 Stone Mining
31:49 Stone Shaft Mining
34:39 Husbandry
34:01 Light Cavalry
37:41 Fortified Wall
38:46 Wheelbarrow
39:05 Bodkin Arrow
39:16 Scale Barding Armor
40:13 Bow Saw
44:24 Imperial Age
43:02 Thumb Ring
44:13 Caravan
45:56 Conscription
45:05 Imperial Skirmisher
46:21 Hussar
51:08 Bracer
52:36 Ballistics
54:44 Chemistry
53:53 Siege Engineers
56:58 Eupseong
57:39 Chain Barding Armor
57:48 Hand Cart
MAD
0:31 Loom
14:18 Feudal Age
15:35 Wheelbarrow
14:42 Horse Collar
14:50 Double-Bit Axe
18:46 Gold Mining
19:14 Stone Mining
23:23 Castle Age
24:36 Hand Cart
25:26 Stone Shaft Mining
25:38 Bow Saw
25:30 Heavy Plow
25:40 Caravan
31:25 Fletching
31:35 Padded Archer Armor
32:28 Chatras
35:55 Imperial Age
34:45 Bodkin Arrow
35:06 Leather Archer Armor
36:08 Ballistics
37:22 Crop Rotation
39:13 Two-Man Saw
39:21 Chemistry
38:31 Siege Engineers
38:35 Town Watch
40:18 Paper Money
40:25 Bracer
40:55 Ring Archer Armor
40:37 Forging
40:34 Scale Barding Armor
39:55 Elite Rattan Archer
41:11 Hoardings
41:25 Scale Mail Armor
40:54 Elite Battle Elephant
41:46 Bloodlines
41:37 Husbandry
46:12 Iron Casting
45:58 Chain Barding Armor
55:08 Thumb Ring
Cruizinblind
0:30 Loom
10:55 Feudal Age
12:22 Double-Bit Axe
20:53 Castle Age
19:59 Forging
20:39 Bloodlines
21:52 Scale Barding Armor
26:48 Fletching
27:02 Padded Archer Armor
27:05 Husbandry
27:54 Bow Saw
27:54 Horse Collar
28:22 Scale Mail Armor
29:36 Gold Mining
29:47 Bodkin Arrow
30:35 Heavy Plow
31:52 Wheelbarrow
32:21 Chain Barding Armor
32:41 Ballistics
33:51 Leather Archer Armor
37:43 Imperial Age
35:37 Hand Cart
35:43 Chain Mail Armor
36:13 Pikeman
38:28 Bracer
39:33 Chemistry
39:33 Conscription
40:05 Gold Shaft Mining
39:50 Elite Mangudai
41:44 Plate Mail Armor
41:19 Squires
42:03 Onager
42:29 Man-at-Arms
42:33 Heavy Camel Rider
46:02 Heavy Scorpion
47:46 Iron Casting
karaokur
0:31 Loom
12:55 Feudal Age
13:20 Horse Collar
15:09 Wheelbarrow
16:03 Double-Bit Axe
18:10 Town Watch
23:09 Castle Age
21:24 Stone Mining
22:33 Gold Mining
24:23 Hand Cart
24:23 Fletching
24:34 Padded Archer Armor
24:45 Forging
24:41 Scale Barding Armor
27:43 Heavy Plow
28:11 Bow Saw
31:00 Gold Shaft Mining
31:00 Caravan
35:17 Imperial Age
35:07 Iron Casting
34:16 Pikeman
34:57 Squires
34:43 Gambesons
36:33 Conscription
37:00 Crop Rotation
37:53 Two-Man Saw
37:07 Elite Iron Pagoda
39:01 Blast Furnace
38:53 Chain Barding Armor
38:42 Fortified Bastions
40:45 Leather Archer Armor
41:27 Plate Barding Armor
43:47 Heavy Rocket Cart
46:40 Chemistry
49:54 Bodkin Arrow
50:29 Ring Archer Armor
61:12 Heavy Scorpion
Phil Mccrack
0:29 Loom
14:21 Feudal Age
14:47 Double-Bit Axe
20:55 Castle Age
20:15 Horse Collar
21:06 Fishing Lines
22:08 Bow Saw
21:51 Gillnets
22:49 Wheelbarrow
22:44 Gold Mining
22:44 Stone Mining
25:20 Hand Cart
24:51 Town Watch
25:14 Heavy Plow
25:54 Gold Shaft Mining
33:52 Imperial Age
32:04 Town Patrol
33:10 Fletching
33:20 Padded Archer Armor
34:12 Elite Cannon Galleon
35:03 Bodkin Arrow
35:08 Padded Archer Armor
36:33 Two-Man Saw
36:15 Elite Janissary
37:35 Artillery
38:30 Bracer
38:45 Leather Archer Armor
42:01 Caravan
42:13 Guilds
44:25 Ring Archer Armor
44:06 Forging
44:01 Scale Barding Armor
46:34 Conscription
46:50 Hoardings
46:38 Sipahi
48:24 Ballistics
48:24 Bombard Tower
47:45 Treadmill Crane
48:00 Murder Holes
48:15 Fortified Wall
54:53 Iron Casting
54:38 Chain Barding Armor
ADORNI
1:18 Loom
12:11 Feudal Age
14:17 Double-Bit Axe
16:13 Gold Mining
16:09 Fishing Lines
18:33 Castle Age
17:44 Stone Mining
19:25 Medium Warships
19:10 Fletching
20:14 Bodkin Arrow
20:36 Careening
21:18 Gillnets
22:28 Ballistics
25:08 Padded Archer Armor
33:16 Imperial Age
32:07 Wheelbarrow
34:36 Leather Archer Armor
34:25 Husbandry
34:35 Bloodlines
35:06 Hand Cart
36:09 Conscription
35:14 Elite Conquistador
35:56 Town Watch
38:26 Ring Archer Armor
37:58 Bracer
39:02 Chemistry
38:11 Horse Collar
39:21 Caravan
43:32 Arrowslits
43:50 Heavy Plow
44:03 Bow Saw
44:33 Stone Shaft Mining
44:11 Scale Barding Armor
44:54 Coinage
44:35 Guilds
53:31 Chain Barding Armor
53:22 Forging
52:35 Light Cavalry
55:19 Plate Barding Armor
54:13 Hussar
59:37 Iron Casting
59:15 Cavalier
66:40 Paladin
69:57 Spies/Treason
adHoc
11:00 Feudal Age
12:22 Double-Bit Axe
17:02 Castle Age
16:29 Horse Collar
18:32 Bow Saw
19:16 Wheelbarrow
19:17 Fishing Lines
22:39 Hand Cart
22:41 Gillnets
25:29 Heavy Plow
26:04 Ballistics
30:19 Imperial Age
28:16 Husbandry
28:26 Bloodlines
29:29 Scale Barding Armor
30:54 Chain Barding Armor
32:34 Chemistry
32:21 Elite Ballista Elephant
33:18 Town Watch
34:15 Plate Barding Armor
35:01 Double Crossbow
35:39 Light Cavalry
39:26 Hussar
40:23 Forging
42:21 Fortified Wall
42:01 Heated Shot
42:22 Masonry
57:28 Iron Casting
68:34 Conscription
Skibidi Bop
10:28 Feudal Age
13:59 Fletching
22:06 Castle Age
20:27 Double-Bit Axe
20:38 Gold Mining
21:12 Crossbowman
22:27 Horse Collar
22:56 Thumb Ring
23:15 Bodkin Arrow
24:14 Padded Archer Armor
24:16 Pikeman
26:45 Forging
26:41 Scale Barding Armor
26:57 Leather Archer Armor
34:21 Wheelbarrow
34:35 Husbandry
35:21 Bow Saw
36:03 Stone Mining
37:05 Hand Cart
39:02 Caravan
45:32 Imperial Age
43:39 Ballistics
45:42 Bracer
46:13 Ring Archer Armor
46:50 Chemistry
46:05 Man-at-Arms
46:46 Squires
46:33 Arson
47:28 Iron Casting
47:40 Long Swordsman
48:15 Long Swordsman
48:59 Forced Levy
49:20 Two-Handed Swordsman
51:05 Blast Furnace
49:37 Halberdier
55:33 Heavy Plow
67:58 Spies/Treason
Connection lost

Rejoining the realm…

Still unreachable

The connection could not be restored.

Session expired

The server has moved on; the page needs a fresh start.